 Dungeon Crawl Stone Soup version 0.21.0 (webtiles) character file.

135 HungrySpirit the Ducker (level 4, -2/25 HPs)
             Began as a Deep Elf Artificer on Jan 7, 2018.
             Slain by a centaur skeleton (6 damage)
             ... on level 4 of the Dungeon.
             The game lasted 00:05:12 (3832 turns).

HungrySpirit the Ducker (Deep Elf Artificer)        Turns: 3832, Time: 00:05:12

Health: -2/25      AC:  3    Str:  9    XL:     4   Next: 96%
Magic:  9/9        EV: 13    Int: 17    God:
Gold:   179        SH:  0    Dex: 15    Spells: 6/7 levels left

rFire    . . .     SeeInvis +   a - +0 short sword
rCold    . . .     Gourm    .   (no shield)
rNeg     . . .     Faith    .   b - +0 leather armour
rPois    .         Spirit   .   (no helmet)
rElec    .         Reflect  .   (no cloak)
rCorr    .         Harm     .   (no gloves)
MR       .....                  (no boots)
Stlth    ++........             (no amulet)
HPRegen  0.08/turn              l - ring of see invisible
MPRegen  0.11/turn              (no ring)

@: no status effects
A: no striking features
a: no special abilities


You were on level 4 of the Dungeon.
You were very hungry.

You visited 1 branch of the dungeon, and saw 4 of its levels.

You collected 179 gold pieces.

Inventory:

Hand Weapons
 a - a +0 short sword (weapon)
Armour
 b - a +0 leather armour (worn)
Jewellery
 l - a ring of see invisible (left hand)
Wands
 d - a wand of enslavement (13)
 e - a wand of random effects (15)
Scrolls
 c - a scroll of remove curse {unknown}
 g - a scroll of fear {unknown}
 j - a scroll of fog {unknown}
 q - a scroll of amnesia {unknown}
 r - a scroll of blinking {unknown}
 s - 3 scrolls of identify {unknown}
 u - a scroll of magic mapping {unknown}
Potions
 h - a potion of agility {unknown}
 i - 3 potions of lignification {unknown}
 k - 2 potions of degeneration {unknown}
 m - a potion of haste {unknown}
 n - a potion of might {unknown}
 o - a potion of resistance {unknown}
Books
 t - a book of Conjurations

   Spells                             Type                      Level
   a - Magic Dart                     Conjuration                  1
   b - Searing Ray                    Conjuration                  2
   c - Dazzling Spray                 Conjuration/Hexes            3
   d - Fulminant Prism                Conjuration/Hexes            4
   e - Force Lance                    Conjuration/Translocation    4
   f - Iskenderun's Mystic Blast      Conjuration                  4
 v - a book of Cantrips

   Spells                             Type                      Level
   a - Confusing Touch                Hexes                        1
   b - Animate Skeleton               Necromancy                   1
   c - Summon Small Mammal            Summoning                    1
   d - Apportation                    Translocation                1
Comestibles
 f - 9 rations


   Skills:
 + Level 1.6 Fighting
 * Level 2.9 Short Blades
 + Level 3.4 Dodging
 - Level 1.2 Stealth
 + Level 2.3 Spellcasting
 * Level 1.3 Conjurations
 - Level 3.2 Evocations


You had 6 spell levels left.
You knew the following spells:

 Your Spells              Type           Power        Failure   Level  Hunger
a - Magic Dart            Conj           #...         16%         1    #......


Dungeon Overview and Level Annotations

Branches:
Dungeon (4/15)
 Temple: D:4-7

Altars:
Dithmenos
Hepliaklqana
Kikubaaqudgha
Uskayaw


Message History

You hit the centaur skeleton.
The centaur skeleton is moderately damaged.
The centaur skeleton closely misses you.
You hit the centaur skeleton but do no damage.
The centaur skeleton is moderately damaged.
The centaur skeleton hits you!
The centaur skeleton hits you but does no damage.
You hit the centaur skeleton.
The centaur skeleton is moderately damaged.
The centaur skeleton hits you.
You hit the centaur skeleton.
The centaur skeleton is heavily damaged.
The centaur skeleton hits you.
You are too injured to fight recklessly!
You are too injured to fight recklessly!
You are too injured to fight recklessly!
The centaur skeleton hits you.
* * * LOW HITPOINT WARNING * * *
The centaur skeleton hits you.
You die...

§§§§#######...# #. ...
§§§.#.........# ####.##+#.
§§..##........# ..........
≈#..##........# ...........
....##.......<# ............
....##........## #..# #.#....
####'..........## #...####......
........####....###......##......
.#......# #....@........##......
........# ####..Z###....##......
........# #...........#..)...
.......## ##...........#.)#'##
.......# ...........#..........
###...... ......................
#.....................#........
#.....................#........
#.............##......#.......#


You could see a centaur skeleton.

Vanquished Creatures
  3 adders
  A worm (D:2)
  2 dart slugs (D:1)
  2 leopard geckos
  5 orcs (D:3)
  5 bats
  2 giant cockroaches (D:3)
  6 goblins
  12 hobgoblins
  4 jackals (D:3)
  A quokka (D:2)
  3 frilled lizards
  7 kobolds
  8 rats
61 creatures vanquished.

Vanquished Creatures (collateral kills)
  2 orc wizards (D:4)
2 creatures vanquished.

Grand Total: 63 creatures vanquished

Notes
Turn   | Place    | Note
-------+----------+-------------------------------------------
     0 | D:1      | HungrySpirit the Deep Elf Artificer began the quest for the Orb.
     0 | D:1      | Reached XP level 1. HP: 11/11 MP: 5/5
   218 | D:1      | Reached skill level 1 in Fighting
   233 | D:1      | Reached XP level 2. HP: 14/16 MP: 6/6
   386 | D:1      | Reached skill level 1 in Spellcasting
   981 | D:1      | Reached XP level 3. HP: 20/20 MP: 7/7
  1742 | D:2      | Found a shadowy altar of Dithmenos.
  2078 | D:2      | Found a hide-covered altar of Uskayaw.
  2078 | D:2      | Found a hazy altar of Hepliaklqana.
  2144 | D:2      | Found an ancient bone altar of Kikubaaqudgha.
  2601 | D:3      | Learned a level 1 spell: Magic Dart
  2685 | D:3      | Reached XP level 4. HP: 10/25 MP: 8/8
  3610 | D:4      | Reached skill level 1 in Conjurations
  3832 | D:4      | Slain by a centaur skeleton

Skill      XL: |  1  2  3  4 |
---------------+-------------+-----
Fighting       | 1 |  1.6
Spellcasting   | 1 2 |  2.3
Short Blades   | 2 |  2.9
Dodging        | 3 |  3.4
Conjurations   | 1 |  1.3
Stealth        | |  1.2
Evocations     | |  3.2

Action                   |  1- 3 |  4- 6 || total
-------------------------+-------+-------++-------
Melee: Short sword       |   155 |    76 ||   231
 Cast: Magic Dart        |       |     5 ||     5
Evoke: Wand              |    10 |     7 ||    17
 Stab: Sleeping          |     5 |     1 ||     6
  Eat: Chunk             |     5 |     3 ||     8
Armor: Leather armour    |    44 |    16 ||    60
Dodge: Dodged            |    91 |    50 ||   141
